 Dungeon Crawl Stone Soup version 0.30-a0-1035-g38d5fb2972 (webtiles) character file.

Game seed: 8614586208208785549

11694 Lobster4 the Thaumaturge (level 12, -1/86 HPs)
             Began as a Djinni Fire Elementalist on Apr 8, 2023.
             Was a Priest of Makhleb.
             Shot with an arrow by a centaur warrior (10 damage)
             ... on level 11 of the Dungeon on Apr 9, 2023.
             The game lasted 00:30:01 (9971 turns).

Lobster4 the Thaumaturge (Djinni Fire Elementalist) Turns: 9971, Time: 00:30:02

Health: -1/86      AC: 13    Str:  7    XL:     12   Next: 10%
Gold:   1277       EV: 15    Int: 28    God:    Makhleb [***...] SH:  5 Dex: 14

rFire   + + .      SeeInvis +    t - +1 dagger (flame)
rCold   x . .      Faith    .    (no shield)
rNeg    . . .      Spirit   .    x - +0 troll leather armour {Pargi}
rPois   ∞          Reflect  +    j - +2 helmet {SInv}
rElec   .          Rampage  .    B - +1 cloak
rCorr   .                        N - +1 pair of gloves
Will    +....                    (boots unavailable)
Stlth   ++                       H - amulet of reflection
HPRegen 1.14/turn                o - +6 ring of intelligence
MPRegen 0.00/turn                (no ring)

@: flying, slowed, studying Spellcasting, very slow
A: sickness immunity, fire resistance 2, cold vulnerability 1, float, innate
caster, HP casting, extra vitality 1
a: Renounce Religion, Minor Destruction, Lesser Servant of Makhleb


You were on level 11 of the Dungeon.
You worshipped Makhleb.
Makhleb was most pleased with you.
You visited 2 branches of the dungeon, and saw 12 of its levels.
You also visited: Sewer and Bailey.

You collected 1277 gold pieces.

Inventory:

Hand Weapons
 k - a +0 sling
 t - a +1 dagger of flaming (weapon)
Missiles
 a - 24 poisoned darts (quivered)
 l - 18 boomerangs
 y - 2 throwing nets
 z - 2 curare-tipped darts
 O - 4 boomerangs of dispersal
Armour
 j - a +2 helmet of see invisible (worn)
 x - a +0 troll leather armour (worn) {Pargi}
 B - a +1 cloak (worn)
 K - +0 acid dragon scales
 N - a +1 pair of gloves (worn)
Jewellery
 i - an amulet of the acrobat
 o - a +6 ring of intelligence (left hand)
 H - an amulet of reflection (around neck)
 J - a +4 ring of slaying
Wands
 D - a wand of flame (15)
 E - a wand of polymorph (11)
 G - a wand of digging (9)
 P - a wand of mindburst (10)
 Q - a wand of quicksilver (7)
Scrolls
 d - 3 scrolls of identify
 e - 2 scrolls of blinking
 f - 2 scrolls of fog
 h - 4 scrolls of teleportation
 s - a scroll of fear {unknown}
 u - a scroll of poison
 v - a scroll of summoning
 A - 2 scrolls of magic mapping
 F - 2 scrolls of immolation
Potions
 b - a potion of mutation {unknown}
 c - 3 potions of brilliance {unknown}
 g - a potion of berserk rage
 m - 3 potions of haste
 n - 10 potions of curing
 p - 3 potions of degeneration {unknown}
 q - a potion of resistance {unknown}
 r - 4 potions of lignification
 w - 3 potions of ambrosia {unknown}
 C - 2 potions of invisibility {unknown}
 I - a potion of flight {unknown}
 L - a potion of cancellation {unknown}
 M - 2 potions of heal wounds {unknown}


   Skills:
 + Level 7.7 Fighting
 - Level 2.0 Short Blades
 - Level 3.0 Throwing
 + Level 7.7 Armour
 + Level 8.7 Dodging
 - Level 2.0 Stealth
 * Level 9.3 Spellcasting
 - Level 3.0 Invocations
 - Level 3.0 Evocations


You knew the following spells:

 Your Spells              Type           Power      Damage    Failure   Level
a - Foxfire               Conj/Fire      100%       2x1d9     1%          1
b - Scorch                Fire           100%       2d9       1%          2
c - Sandblast             Erth           100%       2d20      1%          1
d - Inner Flame           Hex/Fire       60%        N/A       1%          3
e - Flame Wave            Conj/Fire      60%        2d14      1%          4
f - Volatile Blastmotes   Fire/Tloc      100%       2d18      1%          3
g - Call Canine Familiar  Summ           60%        N/A       1%          3
h - Static Discharge      Conj/Air       100%       2-7/arc   1%          2
i - Anguish               Hex/Necr       30%        N/A       1%          4
j - Agony                 Necr           60%        N/A       3%          5
Your spell library was empty.

Dungeon Overview and Level Annotations

Branches:
Dungeon (11/15)            Temple (1/1) D:7            Lair (0/5) D:9
  Sewer (visited)          Bailey (visited)
    Orc: D:9-12

Altars:
Ashenzari
Cheibriados
Dithmenos
Elyvilon
Fedhas
Gozag
Hepliaklqana
Makhleb
Nemelex Xobeh
Okawaru
Qazlal
Ru
Trog
Uskayaw
Wu Jian
Xom
Yredelemnul
Zin
The Shining One

Shops:
D:8 :

Annotations:
D:9 Pikel
D:11 Nergalle


Innate Abilities, Weirdness & Mutations

You are immune to sickness and miasma.
You are immune to poison.
Your flesh is very heat resistant. (rF++)
You are vulnerable to cold. (rC-)
You float through the air rather than walking.
You learn spells naturally, not from books.
Your magical power is your life essence.
You have superior vitality. (+4 MHP)


Message History

Flames lash the wraith.
The wraith is burned terribly!
The wraith is almost destroyed.
The centaur warrior hits you! The centaur warrior closely misses you.
The centaur warrior hits you!
* * * LOW HITPOINT WARNING * * *
The centaur warrior misses you. The wraith hits you but does no damage.
Unknown command.
Blink to where?
Press: ? - help, Dir - move target
As you read the scroll of blinking, it crumbles to dust.
The centaur warrior wields a +0 shortbow.
The centaur warrior shoots an arrow.
The arrow hits you!
* * * LOW HITPOINT WARNING * * *
It was a potion of curing.
You feel better. The wraith hits you but does no damage.
The centaur warrior unwields a +0 shortbow.
The centaur warrior hits you.
* * * LOW HITPOINT WARNING * * *
The centaur warrior closely misses you.
As you read the scroll of summoning, it crumbles to dust.
Wisps of shadow whirl around you...
The centaur warrior is no longer more vulnerable to fire.
You block the centaur warrior's attack.
The centaur warrior kicks you but does no damage.
The wraith closely misses you. The centaur warrior hits you.
* * * LOW HITPOINT WARNING * * *
The centaur warrior kicks you but does no damage.
The wraith hits you but does no damage. The wraith attacks as you move away!
The wraith hits you!
* * * LOW HITPOINT WARNING * * *
The wraith is no longer more vulnerable to fire.
The centaur warrior wields a +0 shortbow.
The centaur warrior shoots an arrow.
You reflect the arrow off an invisible shield around you!
The arrow closely misses the centaur warrior.
Your wyvern bites the wraith.
The wraith is destroyed!
Makhleb accepts your kill.
The centaur warrior shoots an arrow.
The arrow hits you!
You die...

#.....[........##...#
#....................#
...............†.....#
...................###
.......#........####
.......#........#
.......#.........
.....###.......... ...
#O@§.......
##§§§§....## #
#cl§§§....+ +
#§§.......# ###
#§§........# #..
##§.§....... #..
#.§........ #..
!.......... ##
.......... #.


You could see a centaur warrior (ally target), a friendly two-headed ogre
(summoned) and a friendly wyvern (summoned).

Vanquished Creatures
  2 two-headed ogres (D:8)
  A deep elf pyromancer (Bailey)
  An orc knight (Bailey)
  An ugly thing (D:11)
  Maurice (D:10)
  Maggie (D:8)
  A troll (D:9)
  A hornet (D:9)
  Sigmund (D:6)
  2 shadows
  2 wyverns
  6 yaks
  2 vampire mosquitoes (D:10)
  An acid dragon (D:11)
  Edmund (D:6)
  9 orc warriors
  2 water moccasins
  An ice beast (D:6)
  Pargi (Sewer)
  2 black bears (D:5)
  A sky beast (D:6)
  2 ogres (D:5)
  A centaur (D:10)
  A phantom (D:5)
  4 kobold brigands
  A lemure (D:8)
  3 bullfrogs (D:9)
  A gnoll sergeant (D:9)
  6 scorpions
  9 wights (D:9)
  11 killer bees
  An electric eel (D:7)
  3 howler monkeys
  2 jellies
  Crazy Yiuf (D:5)
  3 orc priests
  5 hounds
  8 iguanas
  5 orc wizards
  Robin (D:2)
  11 gnolls
  7 adders
  2 river rats (D:3)
  2 shadow imps
  2 white imps
  An ufetubus (D:6)
  3 worms
  4 dart slugs
  34 orcs
  10 ball pythons
  7 endoplasms
  7 giant cockroaches
  18 goblins
  7 hobgoblins
  3 jackals (D:3)
  21 kobolds
  6 quokkas
  3 bats
  3 frilled lizards
  9 rats
268 creatures vanquished.

Vanquished Creatures (collateral kills)
  A shadow (D:10)
  7 yaks (D:8)
  A wraith (D:11)
  An acid dragon (D:10)
  A gnoll (D:3)
  3 orcs
  A foxfire (D:9)
15 creatures vanquished.

Vanquished Creatures (others)
  924 foxfires
  14 fungi (D:9)
  21 plants
959 creatures vanquished.

Grand Total: 1242 creatures vanquished

Notes
Turn   | Place    | Note
-------+----------+-------------------------------------------
     0 | D:1      | Lobster4 the Djinni Fire Elementalist began the quest for
                  | the Orb.
     0 | D:1      | Lobster4 set off with the following spells memorised:
                  | Foxfire, Scorch, Volatile Blastmotes, Inner Flame, Flame
                  | Wave.
     0 | D:1      | Reached XP level 1. HP: 15/15 MP: 0/0
   117 | D:1      | Reached XP level 2. HP: 17/21 MP: 0/0
   242 | D:1      | Found a faded altar of an unknown god.
   553 | D:1      | Reached XP level 3. HP: 24/26 MP: 0/0
   553 | D:1      | Learned a level 1 spell: Sandblast
  1045 | D:2      | Reached skill level 1 in Armour
  1132 | D:2      | Reached skill level 1 in Fighting
  1297 | D:2      | Reached XP level 4. HP: 30/32 MP: 0/0
  1391 | D:2      | Found an ornate altar of the Wu Jian Council.
  1577 | D:2      | Reached skill level 3 in Spellcasting
  1581 | D:2      | Noticed Robin
  1586 | D:2      | Killed Robin
  1949 | D:3      | Reached XP level 5. HP: 26/37 MP: 0/0
  1949 | D:3      | Learned a level 2 spell: Static Discharge
  2074 | D:3      | Found a glowing drain.
  2086 | Sewer    | Entered a sewer
  2145 | Sewer    | Noticed Pargi
  2159 | Sewer    | Killed Pargi
  2160 | Sewer    | Reached skill level 1 in Short Blades
  2160 | Sewer    | Reached XP level 6. HP: 39/43 MP: 0/0
  3177 | D:4      | Noticed a water moccasin
  3181 | D:4      | Killed a water moccasin
  3182 | D:4      | Reached XP level 7. HP: 47/49 MP: 0/0
  3182 | D:4      | Learned a level 3 spell: Call Canine Familiar
  3288 | D:4      | Reached skill level 4 in Spellcasting
  3300 | D:4      | Found a shimmering altar of Xom.
  3613 | D:5      | Entered Level 5 of the Dungeon
  3647 | D:5      | Noticed a water moccasin
  3705 | D:5      | Reached XP level 8. HP: 45/56 MP: 0/0
  3715 | D:5      | Reached skill level 1 in Throwing
  3863 | D:5      | Found a hide-covered altar of Uskayaw.
  3929 | D:5      | Found an ornate altar of the Wu Jian Council.
  4040 | D:5      | Reached skill level 5 in Spellcasting
  4108 | D:5      | Reached skill level 1 in Evocations
  4269 | D:5      | Found a white marble altar of Elyvilon.
  4343 | D:5      | Found a runed translucent door.
  4344 | D:5      | Noticed Crazy Yiuf
  4469 | D:5      | Reached skill level 5 in Dodging
  4469 | D:5      | Reached XP level 9. HP: 58/62 MP: 0/0
  4469 | D:5      | Learned a level 4 spell: Anguish
  4640 | D:5      | Killed Crazy Yiuf
  5021 | D:6      | Noticed Sigmund
  5022 | D:6      | Noticed Edmund
  5265 | D:6      | Killed Edmund
  5375 | D:6      | Killed Sigmund
  6172 | D:7      | Found a staircase to the Ecumenical Temple.
  6178 | Temple   | Entered the Ecumenical Temple
  6303 | Temple   | Became a worshipper of Makhleb the Destroyer
  6449 | D:7      | Reached skill level 6 in Spellcasting
  6466 | D:7      | Reached skill level 5 in Fighting
  6562 | D:8      | Reached skill level 1 in Invocations
  6562 | D:8      | Reached XP level 10. HP: 68/70 MP: 0/0
  6934 | D:8      | Found a glowing silver altar of Zin.
  6942 | D:8      | Noticed Maggie
  6949 | D:8      | Killed Maggie
  6950 | D:8      | Reached skill level 5 in Armour
  7109 | D:8      | Noticed a two-headed ogre
  7117 | D:8      | Killed a two-headed ogre
  7172 | D:8      | Identified a scroll of acquirement
  7364 | D:8      | Noticed a two-headed ogre
  7370 | D:8      | Killed a two-headed ogre
  7371 | D:8      | Reached skill level 7 in Spellcasting
  7411 | D:8      | Reached XP level 11. HP: 68/77 MP: 0/0
  7411 | D:8      | Learned a level 5 spell: Agony
  7520 | D:8      | Found Yblidaq's Self-Improvement Boutique.
  7737 | D:9      | Reached * piety under Makhleb
  7807 | D:9      | Found a glowing golden altar of the Shining One.
  7998 | D:9      | Found an opulent altar of Gozag.
  8116 | D:9      | Reached ** piety under Makhleb
  8161 | D:9      | Found a staircase to the Lair.
  8223 | D:9      | Found a shadowy altar of Dithmenos.
  8296 | D:9      | Reached skill level 8 in Spellcasting
  8331 | D:9      | Noticed Pikel
  8490 | D:10     | Entered Level 10 of the Dungeon
  8579 | D:10     | Found a flagged portal.
  8614 | Bailey   | Entered a bailey
  8798 | Bailey   | Found a large runed translucent door.
  8798 | Bailey   | Found a large runed translucent door.
  8799 | Bailey   | Noticed a deep elf pyromancer
  8814 | Bailey   | Noticed an orc knight
  8851 | Bailey   | Killed an orc knight
  8939 | Bailey   | Killed a deep elf pyromancer
  8987 | Bailey   | Identified the +10 plate armour "Umyfruah" {rC+ Str+4
                  | Dex-4}
  9084 | D:10     | Acquired 559 gold pieces
  9087 | D:10     | Acquired a manual of Spellcasting
  9203 | D:10     | Found a broken altar of Ashenzari.
  9208 | D:10     | Found a hazy altar of Hepliaklqana.
  9461 | D:10     | Found a sacrificial altar of Ru.
  9735 | D:10     | Noticed Maurice
  9745 | D:10     | Killed Maurice
  9746 | D:10     | Reached skill level 9 in Spellcasting
  9746 | D:10     | Reached XP level 12. HP: 68/85 MP: 0/0
  9845 | D:11     | Noticed Nergalle
  9892 | D:11     | Identified the +5 chain mail of Satisfaction {Drain Will+
                  | Regen+ Str+5}
  9914 | D:11     | Reached *** piety under Makhleb
  9959 | D:11     | Noticed a centaur warrior
  9971 | D:11     | Shot with an arrow by a centaur warrior

Illustrated notes

Levels and vault maps discovered:
D:1:      dpeg_arrival_water_temple_mockup, layout_basic,
          ebering_ecumenical_altar_abandoned
D:2:      layout_basic, basic_altar, uniq_robin
D:3:      layout_basic, gup_sewer_entry_spiral, corexii_leaking_fountain,
          roderic_roman_lattice
D:4:      layout_loops_ring, mainiacjoe_overflow_six_doors_small,
          mainiacjoe_overflow_chevrons, nicolae_zen_rock_garden,
          chequers_serial_rivers_micro_a, reono_crystal_passage
D:5:      layout_basic, elyvilon_altar_3, nicolae_uskayaw_suspiria,
          nicolae_wu_jian_wuxing_cycle, minmay_joined_circles,
          uniq_crazy_yiuf_cottage
D:6:      layout_basic, sigmund_edmund_badplayer
D:7:      layout_loops_cross, minmay_temple_entry_proselytizer, kennysheep_donut
D:8:      layout_loops_corners, zin_academy, nicolae_hexahallways,
          minmay_misc_feat_plants, nicolae_shop_self_help, uniq_maggie
D:9:      layout_roguey, old_standard_altar, grunt_dithmenos_shadows,
          nicolae_tso_carved_into_rock, grunt_lair_entry_orc_guard_hut,
          uniq_pikel
D:10:     layout_irregular_city, grunt_temple_overflow_open, kennysheep_mini,
          enter_bailey_3, hangedman_abyss_or_decor_lesser_grid, billiards_dpeg,
          uniq_maurice
D:11:     layout_cross, kennysheep_orc_monster_closet_entryway, serial_shops,
          nicolae_shop_hallway_stairs, uniq_nergalle
Temple:   nicolae_temple_bog_church

Skill      XL: |  1  2  3  4  5  6  7  8  9 10 11 |
---------------+----------------------------------+-----
Armour         | 1 2 3 4 6 7 |  7.7
Fighting       | 1 2 3 4 5 6 7 |  7.7
Stealth        | 2 |  2.0
Spellcasting   | 3 4 5 6 7 9 |  9.3
Dodging        | 3 4 5 7 8 |  8.7
Short Blades   | 1 2 |  2.0
Throwing       | 2 3 |  3.0
Evocations     | 1 3 |  3.0
Invocations    | 1 3 |  3.0

Action                     |  1- 3 |  4- 6 |  7- 9 | 10-12 || total
---------------------------+-------+-------+-------+-------++-------
  Melee: Short sword       |     2 |       |       |       ||     2
         Dagger            |       |    10 |       |       ||    10
  Throw: Dart              |       |       |     3 |     2 ||     5
   Cast: Foxfire           |    77 |    99 |   124 |   254 ||   554
         Scorch            |     6 |    38 |    95 |   177 ||   316
         Call Canine Famil |       |       |     2 |     9 ||    11
    Use: Scroll            |       |     3 |    10 |     9 ||    22
         Potion            |       |     1 |       |     2 ||     3
 Armour: Robe              |     5 |     6 |       |       ||    11
         Troll leather arm |       |     6 |    14 |    27 ||    47
  Dodge: Dodged            |    10 |    31 |    39 |    80 ||   160
  Block: Other             |       |       |       |    33 ||    33
         Reflection        |       |       |       |     4 ||     4

Table legend: (Time is in decaauts)
 A = Elapsed time spent in this place.
 B = Non-inter-level travel time spent in this place.
 C = Inter-level travel time spent in this place.
 D = Time resting spent in this place.
 E = Time spent auto-exploring this place.
 F = Levels seen in this place.
 G = Mean time per level.
                   A        B        C        D        E       F      G
               +--------+--------+--------+--------+--------+-----+--------+
         Total |   9932 |   9557 |    375 |    284 |   6911 |  14 |  709.4 |
       Dungeon |   9167 |   8809 |    358 |    284 |   6569 |  11 |  833.4 |
        Temple |    143 |    126 |     17 |      0 |    109 |   1 |  143.0 |
         Sewer |    198 |    198 |      0 |      0 |    138 |   1 |  198.0 |
        Bailey |    422 |    422 |      0 |      0 |     95 |   1 |  422.0 |
               +--------+--------+--------+--------+--------+-----+--------+

Top non-repeatable levels by time:
     D:8: 1115 daAuts
     D:5: 1111 daAuts
     D:6: 985 daAuts
     D:1: 984 daAuts
     D:2: 921 daAuts
    D:10: 919 daAuts
     D:9: 881 daAuts
     D:3: 808 daAuts
     D:4: 676 daAuts
     D:7: 661 daAuts
  Bailey: 422 daAuts
   Sewer: 198 daAuts
  Temple: 143 daAuts
    D:11: 100 daAuts
